 Dungeon Crawl Stone Soup version 0.28-a0-87-g9a7839dea9 (webtiles) character file.

Game seed: 15714384785249860219

18 kae the Ruffian (level 2, -1/23 HPs)
             Began as a Draconian Transmuter on Aug 6, 2021.
             Killed from afar by Natasha (5 damage)
             ... with a puff of flame
             ... on level 2 of the Dungeon.
             The game lasted 00:01:10 (1033 turns).

kae the Ruffian (Draconian Transmuter)              Turns: 1033, Time: 00:01:11

Health: -1/23      AC:  4    Str: 12    XL:     2   Next: 48%
Magic:  5/5        EV: 12    Int: 13    God:
Gold:   40         SH:  0    Dex: 11    Spells: 4/5 levels left

rFire   . . .      SeeInvis .     - Unarmed
rCold   . . .      Faith    .   (no shield)
rNeg    . . .      Spirit   .   (armour unavailable)
rPois   .          Reflect  .   (helmet currently unavailable)
rElec   .          Harm     .   (no cloak)
rCorr   .          Rampage  .   (no gloves)
Will    .....                   (boots currently unavailable)
Stlth   +.........              (no amulet)
HPRegen 0.07/turn               (no ring)
MPRegen 0.09/turn               (no ring)

@: appendages (expiring), slowed, very slow
A: horns 2, talons 2, AC +4, unfitting armour, cold-blooded
a: End Transformation


You were on level 2 of the Dungeon.
You had temporarily grown beastly horns and talons.
You visited 1 branch of the dungeon, and saw 2 of its levels.

You collected 40 gold pieces.

You aren't carrying anything.


   Skills:
 + Level 1.4 Fighting
 - Level 1.7 Dodging
 * Level 3.3 Unarmed Combat
 + Level 2.1 Spellcasting
 * Level 2.3 Transmutations


You had 4 spell levels left.
You knew the following spells:

 Your Spells              Type           Power      Damage    Failure   Level
a - Beastly Appendage     Tmut           14%        N/A       10%         1

Your spell library contained the following spells:

 Spells                   Type           Power      Damage    Failure   Level
 Wereblood                Tmut           7%         N/A       14%         2
 Spider Form              Tmut/Pois      2%         N/A       43%         3
 Ice Form                 Ice/Tmut       4%         N/A       83%         4


Dungeon Overview and Level Annotations

Branches:
Dungeon (2/15)

Altars:

Annotations:
D:2 Natasha


Innate Abilities, Weirdness & Mutations

You have temporarily grown beastly horns and talons.
Your plain brown scales are hard. (AC +4)
You cannot fit into any form of body armour.
You are cold-blooded and may be slowed by cold attacks.


Message History

Natasha zaps a wand.
The puff of flame hits you!
You are too injured to fight recklessly!
You are too injured to fight recklessly!
You are too injured to fight recklessly!
You are too injured to fight recklessly!
You miss Natasha. Natasha barely misses you.
You hit Natasha.
Your tail-slap misses Natasha.
Natasha is lightly wounded.
Natasha casts a spell at you.
You feel yourself slow down.
You hit Natasha.
Natasha is moderately wounded.
Natasha mumbles some strange words.
Natasha claws you.
* * * LOW HITPOINT WARNING * * *
You hit Natasha. You tail-slap Natasha.
Natasha is almost dead.
Natasha claws you but does no damage. The shadow imp barely misses you.
Okay, then.
It was a potion of ambrosia.
You are confused.
You feel invigorated.
Your transformation is almost over.
Natasha zaps a wand.
The puff of flame misses you.
The shadow imp hits you but does no damage.
Natasha mewls in sadness.
Natasha claws you but does no damage.
A goblin comes into view. It is wielding a +0 dagger.
You feel less invigorated.
You feel less confused.
The goblin shouts!
The shadow imp closely misses you. The shadow imp hits you.
You hit Natasha but do no damage.
Natasha is almost dead.
Natasha casts a spell.
The shadow imp gestures at you. Pain shoots through your body!
Ouch! That really hurt!
* * * LOW HITPOINT WARNING * * *
Natasha zaps a wand.
The puff of flame hits you.
You die...

..+ ....# ...#
...# ... #+#.# ###
#######.#.# ..#
........h5# ..#
.........@# ..#
.......5..# ..#
######'#.# ..#
#.#.#
..############.#g#
......)........#.#
################.#
#.# .#


You could see Natasha, a white imp (summoned), a shadow imp (summoned) and a
goblin.

Vanquished Creatures
  A bat (D:1)
  A giant cockroach (D:2)
  4 goblins
  2 hobgoblins
  3 kobolds
  A quokka (D:2)
  A ball python (D:2)
  A ball python zombie (D:1)
  A frilled lizard (D:1)
  A jackal zombie (D:1)
  A rat (D:1)
17 creatures vanquished.

Notes
Turn   | Place    | Note
-------+----------+-------------------------------------------
     0 | D:1      | kae the Draconian Transmuter began the quest for the Orb.
     0 | D:1      | Reached XP level 1. HP: 16/16 MP: 3/3
   391 | D:1      | Reached XP level 2. HP: 22/23 MP: 3/5
   436 | D:1      | Found a faded altar of an unknown god.
  1021 | D:2      | Noticed Natasha
  1033 | D:2      | Killed from afar by Natasha

Illustrated notes

Levels and vault maps discovered:
D:1:      saegor_arrival_fortress, layout_rooms,
          hellmonk_ecumenical_altar_zigzags
D:2:      layout_basic, uniq_natasha

Action                   || total
-------------------------++-------
Melee: Unarmed           ||    55
       Headbutt          ||     6
       Kick              ||     3
       Tailslap          ||     3
       Punch             ||     1
 Cast: Beastly Appendage ||    12
  Use: Scroll            ||     2
       Potion            ||     1
Armor: Skin              ||    17
Dodge: Dodged            ||    39

Table legend: (Time is in decaauts)
 A = Elapsed time spent in this place.
 B = Non-inter-level travel time spent in this place.
 C = Inter-level travel time spent in this place.
 D = Time resting spent in this place.
 E = Time spent auto-exploring this place.
 F = Levels seen in this place.
 G = Mean time per level.
                   A        B        C        D        E       F      G
               +--------+--------+--------+--------+--------+-----+--------+
         Total |   1031 |   1015 |     16 |    156 |    710 |   2 |  515.5 |
       Dungeon |   1031 |   1015 |     16 |    156 |    710 |   2 |  515.5 |
               +--------+--------+--------+--------+--------+-----+--------+

Top non-repeatable levels by time:
     D:1: 773 daAuts
     D:2: 257 daAuts
